[Event "*** SCC Grand Prix: Titled Tuesday Blitz"]
[Site "Chess.com"]
[Date "2020.06.02"]
[Round "1"]
[White "PattyCastillo"]
[Black "SoltaniciR"]
[Result "0-1"]
[WhiteElo "1908"]
[BlackElo "2465"]
[TimeControl "180+1"]
[EndTime "10:07:18 PDT"]
[Termination "SoltaniciR won by resignation"]

1. d4 Nf6 2. Nf3 e6 3. e3 b6 4. Bd3 Bb7 5. b3 c5 6. Bb2 Nc6 7. a3 d5 8. O-O Bd6 9. Nbd2 O-O 10. Rc1 Qe7 11. Ne5 cxd4 12. exd4 Bxa3 13. Bxa3 Qxa3 14.
Nxc6 Bxc6 15. c4 dxc4 16. Nxc4 Qb4 17. Ne5 Bd5 18. Bc2 Rfd8 19. Re1 Rac8 20. Qd3 Rc3 21. Qd2 Rdc8 22. Bb1 Qxb3 23. h3 Rxc1 24. Rxc1 Rxc1+ 25. Qxc1 g6 26. Qc8+ Kg7 27. Bc2 Qb2 28. Qc7 Qc1+ 29. Kh2 Qf4+ 30. Kg1 Ne4 31. Bxe4 Bxe4 32. g3 Qf5 33. f3 Bxf3 34. Nxf3 Qxf3 35. Qe5+ Qf6 36. Qb8 Qxd4+ 0-1

[Event "*** SCC Grand Prix: Titled Tuesday Blitz"]
[Site "Chess.com"]
[Date "2020.06.02"]
[Round "1"]
[White "AlphaHero0"]
[Black "ChessicallyInclined"]
[Result "0-1"]
[WhiteElo "2167"]
[BlackElo "2531"]
[TimeControl "180+1"]
[EndTime "10:07:19 PDT"]
[Termination "ChessicallyInclined won by resignation"]

1. e4 c5 2. Nf3 Nc6 3. Bb5 g6 4. O-O Bg7 5. Re1 e5 6. Nc3 Nge7 7. d3 O-O 8. a4 d6 9. Bc4 h6 10. h3 Kh7 11. Bd2 f5 12. Nd5 f4 13. Nh2 Nxd5 14.
Bxd5 Qe8 15. c3 g5 16. f3 h5 17. a5 Ne7 18. Bc4 Rb8 19. b4 cxb4 20. cxb4 Nc6 21. Bb5 Bd7 22. Bxc6 Bxc6 23. Bc3 Qg6 24. d4 Rbd8 25.
Qe2 exd4 26. Bd2 Rfe8 27. b5 Bd7 28. Rac1 d5 29. Rc7 dxe4 30. fxe4 a6 31. Rxb7 Bxb5 32. Qf3 Bc6 33. Rb6 d3 34. Rxc6 Qxc6 35. Qxh5+ Qh6 36. Qf3 Bd4+ 37. Kh1 Qh4 38. Ng4 Rc8 39.
Qxd3 Bg7 40. e5+ Kh8 41. Nf6 Bxf6 42. exf6 Rxe1+ 43. Bxe1 Qxe1+ 44. Kh2 0-1

[Event "*** SCC Grand Prix: Titled Tuesday Blitz"]
[Site "Chess.com"]
[Date "2020.06.02"]
[Round "1"]
[White "olksuna"]
[Black "DACF2905"]
[Result "1-0"]
[WhiteElo "2580"]
[BlackElo "2240"]
[TimeControl "180+1"]
[EndTime "10:07:20 PDT"]
[Termination "olksuna won on time"]

1. e4 e5 2. Nf3 Nf6 3. Nc3 Nc6 4. d4 exd4 5. Nxd4 Bb4 6. Nxc6 dxc6 7. Bd3 h6 8. O-O O-O 9. Qf3 Ng4 10. Bf4 Bd6 11.
h3 Ne5 12. Qg3 Qf6 13. Ne2 c5 14. b3 Nxd3 15. cxd3 Bxf4 16. Nxf4 c6 17. Qe3 b6 18. a3 a5 19. e5 Qf5 20. d4 cxd4 21. Qxd4 c5 22. Qe3 Bb7 23. Rad1 Rad8 24. f3 Rfe8 25. Rxd8 Rxd8 26. Re1 g5 27. Nh5 Rd3 28. Nf6+ Kg7 29. Qf2 Rxb3 30. h4 Rd3 31. hxg5 hxg5 32. Qg3 c4 33.
Nh5+ Kg6 34. Qh2 Rxf3 35. gxf3 Qxf3 36. Ng3 c3 37. Qf2 1-0

[Event "*** SCC Grand Prix: Titled Tuesday Blitz"]
[Site "Chess.com"]
[Date "2020.06.02"]
[Round "1"]
[White "Gajuchess"]
[Black "InitiatingASC"]
[Result "1-0"]
[WhiteElo "2767"]
[BlackElo "2390"]
[TimeControl "180+1"]
[EndTime "10:07:21 PDT"]
[Termination "Gajuchess won by resignation"]

1. Nf3 Nf6 2. g3 b6 3. Bg2 Bb7 4. O-O e6 5. d3 c5 6. e4 Be7 7.
Re1 d6 8. Nbd2 O-O 9. c3 Nbd7 10. d4 cxd4 11. cxd4 Rc8 12. b3 Qc7 13. Bb2 Qb8 14. e5 Nd5 15. Ne4 dxe5 16. dxe5 Rfd8 17. h4 Nf8 18.
Qe2 Nb4 19. Nd4 Ba6 20. Qg4 Qxe5 21. Nc6 Qxb2 22. Nxe7+ Kh8 23. Nxc8 Nc2 24. Ncd6 Rd7 25. Rab1 Qxa2 26. Red1 f5 27. Qf3 Kg8 28. Ng5 Nb4 29. Qe3 Qe2 30. Qxe2 Bxe2 31. Rd2 Bd3 32. Rxd3 Nxd3 33.
Nc4 Nc5 34. b4 Nd3 35. Rb2 Nxb2 36. Nxb2 h6 37. Nf3 Rd8 38. Ne5 Nd7 39. Nc6 Re8 40. Nc4 Nf6 41. Nd6 Rf8 42. b5 Ne4 43. Nxe4 fxe4 44. Bxe4 Rf7 45. h5 Rd7 46. Kg2 Kf7 47.
Ne5+ 1-0

[Event "*** SCC Grand Prix: Titled Tuesday Blitz"]
[Site "Chess.com"]
[Date "2020.06.02"]
[Round "1"]
[White "Savva09022009"]
[Black "Durarbayli"]
[Result "0-1"]
[WhiteElo "2395"]
[BlackElo "2777"]
[TimeControl "180+1"]
[EndTime "10:07:22 PDT"]
[Termination "Durarbayli won by resignation"]

1. d4 Nf6 2. Nc3 d5 3. Bf4 a6 4. e3 Bg4 5. f3 Bf5 6. g4 Bg6 7. h4 h6 8. Bd3 Bxd3 9. Qxd3 e6 10. O-O-O Nbd7 11. Nge2 c5 12. g5 Nh5 13. g6 c4 14. gxf7+ Kxf7 15. Qd2 b5 16. e4 b4 17. Nb1 Qa5 18. exd5 exd5 19. Ng3 c3 20. Qe3 Re8 21. Be5 Qxa2 22. bxc3 Nxg3 23. Qf4+ Kg8 24. Qxg3 bxc3 25. Nxc3 Qa3+ 26. Kd2 Nxe5 27. dxe5 Bb4 28. f4 Rc8 29. Rhg1 Qxc3+ 30. Qxc3 Rxc3 31. Kc1 Rc5 32. f5 Kf7 33. Rg6 Bc3 34. Rdg1 Bxe5 35. Rxa6 Rhc8 36. Rg2 Bf6 37. h5 d4 38. Ra7+ Kf8 39. Kd1 Rxf5 0-1

[Event "*** SCC Grand Prix: Titled Tuesday Blitz"]
[Site "Chess.com"]
[Date "2020.06.02"]
[Round "1"]
[White "Camels1981"]
[Black "MarcoRiehle"]
[Result "0-1"]
[WhiteElo "2311"]
[BlackElo "2645"]
[TimeControl "180+1"]
[EndTime "10:07:22 PDT"]
[Termination "MarcoRiehle won by resignation"]

1. e4 e5 2. Nf3 Nf6 3. Nxe5 Nxe4 4. Nf3 d5 5. c4 Bd6 6. d4 O-O 7.
Bd3 Re8 8. O-O dxc4 9. Bxc4 Nc6 10. h3 Bf5 11. Nc3 Bg6 12. Be3 a6 13. Rc1 Nxc3 14.
bxc3 b5 15. Bd5 Bh2+ 16. Nxh2 Qxd5 17. Qb3 Qd7 18. Rfd1 Na5 19. Qb4 Nc4 20. Nf3 c6 21. Bf4 Re4 22. Bg3 Re2 23. Ne5 Qd5 24. Nxc4 Qxc4 25. Qxc4 bxc4 26. Re1 Rae8 27. Kf1 Bd3 28.
Rxe2 Rxe2 29. Kg1 Rxa2 30. Re1 f6 31. Re7 a5 32. Rc7 Be4 33. Bd6 a4 34. f3 Bd5 35.
Ra7 h6 36. Ra8+ Kf7 37. Ra7+ Ke6 38. Bf8 g5 39. Bxh6 a3 40. Bf8 Ra1+ 41. Kh2 a2 42.
Kg3 f5 43. Bc5 Kf6 44. Be7+ Kg6 45. Bc5 f4+ 46. Kh2 Be6 47. Ra6 Bd7 48. Ra7 Bf5 49.
Ra6 Kf7 50. Bd6 Bc2 51. h4 gxh4 52. Bxf4 Bb3 0-1

[Event "*** SCC Grand Prix: Titled Tuesday Blitz"]
[Site "Chess.com"]
[Date "2020.06.02"]
[Round "1"]
[White "northridgehawk"]
[Black "x-0414717230"]
[Result "0-1"]
[WhiteElo "2269"]
[BlackElo "2606"]
[TimeControl "180+1"]
[EndTime "10:07:22 PDT"]
[Termination "x-0414717230 won by checkmate"]

1. e4 c5 2. Nf3 d6 3. d4 cxd4 4. Nxd4 Nf6 5. Nc3 a6 6. h3 g6 7. g4 Bg7 8. Bg2 h5 9. g5 Nfd7 10. Be3 Nc6 11. Nde2 b5 12. O-O Bb7 13. f4 Rc8 14.
Nd5 e6 15. Ndc3 b4 16. Na4 Qa5 17. b3 Bxa1 18. Qxa1 e5 19. Rd1 Qc7 20. f5 O-O 21.
Ng3 Nd4 22. Bxd4 exd4 23. Qxd4 d5 24. Rd3 dxe4 25. Nxe4 Bxe4 26. Bxe4 Ne5 27. Re3 Rfd8 28. Bd5 Re8 29. fxg6 Nxg6 30. Rf3 Ne5 31. Rf5 Qxc2 32. Rxe5 Qc1+ 33. Kh2 Qc7 34. Bxf7+ Qxf7 35. Rxe8+ Rxe8 36. Kg3 Qf5 37. Qc4+ Kg7 38. Qc7+ Kg6 39. Qd6+ Re6 40. Qd2 h4+ 41. Kg2 Qe4+ 42. Kf2 Re5 43. Qd8 Rf5+ 44. Kg1 Qe1+ 45. Kg2 Rf2# 0-1

[Event "*** SCC Grand Prix: Titled Tuesday Blitz"]
[Site "Chess.com"]
[Date "2020.06.02"]
[Round "1"]
[White "BabyFacedAssasin"]
[Black "Jungle_Jaguar"]
[Result "1-0"]
[WhiteElo "2314"]
[BlackElo "2619"]
[TimeControl "180+1"]
[EndTime "10:07:23 PDT"]
[Termination "BabyFacedAssasin won by checkmate"]

1. e4 e5 2. Nf3 Nc6 3. Bb5 a6 4. Ba4 Nf6 5. d4 exd4 6. O-O Be7 7. Re1 O-O 8. e5 Nd5 9. Nxd4 Nxd4 10. Qxd4 c6 11. Bb3 Nc7 12. Nc3 d5 13. exd6 Bxd6 14.
Bf4 Bxf4 15. Qxf4 Be6 16. Rad1 Qc8 17. Ne4 Bxb3 18. axb3 Nd5 19. Qg5 f6 20. Qh5 Qc7 21. Nc5 Nf4 22. Ne6 Nxe6 23. Rxe6 Rad8 24. Rxd8 Qxd8 25. Qe2 Qd4 26. c3 Qf4 27. g3 Qc1+ 28.
Kg2 Qg5 29. c4 h5 30. Re7 b5 31. Qe6+ Kh7 32. Qxc6 f5 33. cxb5 axb5 34. Rd7 f4 35. Qe4+ Kh8 36. f3 Qf6 37. Rd5 Qxb2+ 38. Kh3 Qxb3 39. Rxh5+ Kg8 40. Qh7+ Kf7 41. Rf5+ Ke8 42. Qg6+ Rf7 43. Qc6+ Kf8 44. Qd6+ Ke8 45. Re5+ Re7 46.
Qxe7# 1-0

[Event "*** SCC Grand Prix: Titled Tuesday Blitz"]
[Site "Chess.com"]
[Date "2020.06.02"]
[Round "1"]
[White "CarlssonLudvig"]
[Black "lidiyato"]
[Result "1-0"]
[WhiteElo "2508"]
[BlackElo "2108"]
[TimeControl "180+1"]
[EndTime "10:07:23 PDT"]
[Termination "CarlssonLudvig won on time"]

1. e4 e5 2. Nf3 Nc6 3. Bb5 a6 4. Ba4 Nf6 5. O-O Be7 6. d3 b5 7. Bb3 d6 8. a3 O-O 9. Nc3 Nb8 10. h3 Nbd7 11. d4 exd4 12. Nxd4 Nc5 13. Nc6 Qd7 14.
Bd5 Bb7 15. Nxe7+ Qxe7 16. Bxb7 Nxb7 17. Bg5 c6 18. Qf3 Rfe8 19. Rad1 Rad8 20. Bxf6 Qxf6 21. Qxf6 gxf6 22. Rd2 Nc5 23. f3 f5 24. exf5 Re5 25.
g4 d5 26. Ne2 Rde8 27. Nd4 Re3 28. Nxc6 Na4 29. Nb4 Nxb2 30. Nxd5 Re2 31. Nf6+ Kf8 32. Rf2 Re1+ 33. Kg2 Rc8 34. Rfe2 1-0

[Event "*** SCC Grand Prix: Titled Tuesday Blitz"]
[Site "Chess.com"]
[Date "2020.06.02"]
[Round "1"]
[White "Gmedmundo"]
[Black "robertofabregas"]
[Result "1-0"]
[WhiteElo "2491"]
[BlackElo "2045"]
[TimeControl "180+1"]
[EndTime "10:07:23 PDT"]
[Termination "Gmedmundo won by checkmate"]

1. e4 c5 2. Nf3 d6 3. d4 cxd4 4. Nxd4 Nf6 5. Nc3 e6 6. Be3 a6 7. f3 b5 8. Qd2 Qc7 9. g4 h6 10.
O-O-O Nbd7 11. h4 b4 12. Nce2 d5 13. exd5 Nxd5 14. Nf4 Bb7 15. Kb1 Bd6 16. Nxd5 Bxd5 17. Be2 Rc8 18. g5 h5 19. g6 Ne5 20. gxf7+ Qxf7 21. Rhg1 Nc4 22. Bxc4 Bxc4 23. Nb5 Be5 24.
Nd6+ Bxd6 25. Qxd6 e5 26. Qxe5+ Be6 27. Rxg7 Qf5 28. Qd4 Qxc2+ 29. Ka1 Rf8 30. Bg5 Rf7 31. Rg8+ Rf8 32. Rxf8+ Kxf8 33. Bh6+ Ke8 34. Re1 Rc6 35. Rd1 Kf7 36. Qg7+ Ke8 37. Qf8# 1-0

[Event "*** SCC Grand Prix: Titled Tuesday Blitz"]
[Site "Chess.com"]
[Date "2020.06.02"]
[Round "1"]
[White "temiksmozg"]
[Black "LileKoridze"]
[Result "0-1"]
[WhiteElo "2620"]
[BlackElo "2315"]
[TimeControl "180+1"]
[EndTime "10:07:25 PDT"]
[Termination "LileKoridze won on time"]

1. d4 Nf6 2. c4 e6 3. Nf3 d5 4. Nc3 Be7 5. Bf4 c6 6. e3 O-O 7. Qc2 Nbd7 8. h3 b6 9. cxd5 cxd5 10. Bd3 Bb7 11. O-O Rc8 12. Rfc1 Ne4 13. Qe2 Ndf6 14.
Nb5 a6 15. Nc7 b5 16. Rc2 Bd6 17. Rac1 Bxf4 18. exf4 Qd6 19. Ne5 Qb6 20. Qe3 Nd6 21. b3 Nfe4 22. f3 Nf5 23. Qe1 Qxd4+ 24. Kh2 Nf6 25. g3 h6 26. Rc5 Qe3 27. Bxf5 Qxe1 28.
Rxe1 exf5 29. b4 d4 30. Rd1 Rfd8 31. g4 fxg4 32. hxg4 Nd7 33. Nxd7 Rxd7 0-1

[Event "*** SCC Grand Prix: Titled Tuesday Blitz"]
[Site "Chess.com"]
[Date "2020.06.02"]
[Round "1"]
[White "anon569"]
[Black "DanielMieles1985"]
[Result "0-1"]
[WhiteElo "2254"]
[BlackElo "2593"]
[TimeControl "180+1"]
[EndTime "10:07:25 PDT"]
[Termination "DanielMieles1985 won by resignation"]

1. e4 c5 2. Nf3 Nc6 3. d4 cxd4 4.
Nxd4 g6 5. Nc3 Bg7 6. Be3 Nf6 7. Bc4 O-O 8. f3 Qb6 9. Bb3 Nxe4 10. Nd5 Qa5+ 11.
c3 Nc5 12. Nxc6 dxc6 13. Nxe7+ Kh8 14. Nxc8 Raxc8 15. O-O Rcd8 16. Qc2 Rd3 17. Qf2 b6 18. Bc2 Qb5 19. Bxd3 Nxd3 20. Qd2 Nxb2 21. Bd4 Nd3 22. Rad1 Ne5 23. Rfe1 Nc4 24. Bxg7+ Kxg7 25. Qd4+ Kg8 26. Re4 Na5 27. Rde1 c5 28. Qf6 Nc4 29. Re8 Rxe8 0-1

[Event "*** SCC Grand Prix: Titled Tuesday Blitz"]
[Site "Chess.com"]
[Date "2020.06.02"]
[Round "1"]
[White "GMartin_Petrov"]
[Black "Olga_Zhuravleva"]
[Result "0-1"]
[WhiteElo "2558"]
[BlackElo "2250"]
[TimeControl "180+1"]
[EndTime "10:07:25 PDT"]
[Termination "Olga_Zhuravleva won by resignation"]

1. c4 e5 2. d3 Nf6 3. Nf3 Nc6 4. a3 d5 5. cxd5 Nxd5 6. e4 Nb6 7. Be2 Bd6 8. O-O O-O 9. Be3 Kh8 10. Nc3 f5 11.
exf5 Bxf5 12. Ne4 Qe7 13. Rc1 Nd5 14. Qb3 Nxe3 15. fxe3 Bxe4 16. dxe4 Rab8 17. Qc2 g6 18. b4 Nd8 19. Rfd1 Ne6 20. Rd5 Ng5 21. Qc3 Nxe4 22. Qb2 Rbe8 23. Rf1 Nf6 24. Rd2 e4 25. Nd4 Be5 26.
Qb3 c6 27. Bd1 Bc7 28. Rdf2 Kg7 29. Be2 Be5 30. Qc4 Bxd4 31. Qxd4 a6 32. g4 Qe5 33. Qb6 Re7 34. Rf4 Nd5 35. Rxf8 Nxb6 36. h4 Nd5 37. Kh1 Nxe3 38. R1f2 Qg3 39. Bc4 Qh3+ 40. Kg1 Qxg4+ 41. Kh1 Qxh4+ 42. Kg1 Ng4 43. Rg2 Kxf8 0-1

[Event "*** SCC Grand Prix: Titled Tuesday Blitz"]
[Site "Chess.com"]
[Date "2020.06.02"]
[Round "1"]
[White "csati17"]
[Black "kingofkolkata"]
[Result "1-0"]
[WhiteElo "2552"]
[BlackElo "2203"]
[TimeControl "180+1"]
[EndTime "10:07:25 PDT"]
[Termination "csati17 won on time"]

1. c4 Nf6 2. Nc3 e6 3. e4 d5 4. cxd5 exd5 5. e5 d4 6. exf6 dxc3 7. Bb5+ c6 8. Qe2+ Be6 9. Bc4 Qxf6 10. dxc3 Nd7 11. Nf3 O-O-O 12. Bg5 Bxc4 13. Qxc4 Re8+ 14. Be3 Bc5 15. O-O-O Bxe3+ 16. fxe3 Rxe3 17. Qg4 Rd8 18. Rd2 Qe6 19. Qxg7 Qxa2 20. Qd4 Ree8 21. Rhd1 Qa5 22. Qg4 h5 23. Qf4 Qc7 24. Qxf7 Nc5 25. Qf5+ Nd7 26. Qxh5 Qf4 27. Qa5 Kb8 28. Kb1 Qc7 29. Qf5 Nb6 30.
Rxd8+ Rxd8 31. Rxd8+ Qxd8 32. Kc2 Nd5 33. Qe5+ Ka8 34.
h4 a5 35. h5 Qg8 36. Ng5 1-0

[Event "*** SCC Grand Prix: Titled Tuesday Blitz"]
[Site "Chess.com"]
[Date "2020.06.02"]
[Round "1"]
[White "damayito"]
[Black "ChelsieMonica"]
[Result "0-1"]
[WhiteElo "1655"]
[BlackElo "2459"]
[TimeControl "180+1"]
[EndTime "10:07:25 PDT"]
[Termination "ChelsieMonica won on time"]

1. e4 c6 2. d4 d5 3. e5 Bf5 4.
Bd3 Bxd3 5. Qxd3 e6 6. Nf3 Ne7 7. O-O Ng6 8. a4 Be7 9. Be3 O-O 10. c3 Nd7 11. Nbd2 f5 12. Nb3 Nb6 13. Rfb1 Nc4 14. Nc1 Qe8 15. b3 Nxe3 16. fxe3 Nh4 17. Nxh4 Bxh4 18.
Qe2 Bg5 19. Nd3 Be7 20. Nf4 Qd7 21. Rf1 Rf7 22. Rf3 Bg5 23. Raf1 Bh6 24. Rg3 Kh8 25. Qh5 b5 26. axb5 cxb5 27. Rh3 Rc8 28. Rff3 Rxc3 29. Rf1 b4 30. Qh4 Kg8 31. Qg3 Bxf4 32. Rxf4 g6 33. Rf2 Qc7 34. Rf1 Rc1 35. Qf3 Rxf1+ 36. Qxf1 Qc3 37. Qd1 Rc7 38. Rf3 Qc1 39. Rf1 Qxe3+ 40.
Kh1 Qe4 41. h3 Rc2 0-1

[Event "*** SCC Grand Prix: Titled Tuesday Blitz"]
[Site "Chess.com"]
[Date "2020.06.02"]
[Round "1"]
[White "JonahWillow"]
[Black "Stronger1799"]
[Result "0-1"]
[WhiteElo "2680"]
[BlackElo "2369"]
[TimeControl "180+1"]
[EndTime "10:07:26 PDT"]
[Termination "Stronger1799 won by resignation"]

1. e4 c5 2. Nf3 e6 3. d4 cxd4 4. Nxd4 Nf6 5. Nc3 d6 6. g3 Be7 7.
Bg2 O-O 8. O-O Nc6 9. Be3 a6 10. f4 Nxd4 11. Bxd4 e5 12. Bf2 Ng4 13. Nd5 exf4 14.
gxf4 Nxf2 15. Rxf2 Bh4 16. Rd2 Be6 17. Kh1 Bxd5 18. Rxd5 Qf6 19. Qc1 Qh6 20. Qe3 Rac8 21. c3 Rc5 22. Rad1 Rxd5 23. Rxd5 Re8 24. Qf3 Bd8 25.
Qg4 Re6 26. e5 Be7 27. exd6 Bxd6 28. Qd1 Qxf4 29. Rh5 g6 30. Rh3 Qf2 31. Rf3 Re1+ 32. Qxe1 Qxe1+ 33. Rf1 Qe5 34. Kg1 Qxh2+ 35. Kf2 Qg3+ 36.
Kg1 Bc5+ 0-1

[Event "*** SCC Grand Prix: Titled Tuesday Blitz"]
[Site "Chess.com"]
[Date "2020.06.02"]
[Round "1"]
[White "Konovalova_Vera"]
[Black "Harry_Rakkel"]
[Result "0-1"]
[WhiteElo "2168"]
[BlackElo "2529"]
[TimeControl "180+1"]
[EndTime "10:07:26 PDT"]
[Termination "Harry_Rakkel won by resignation"]

1. d4 Nf6 2. Nf3 e6 3. e3 b6 4. Bd3 Bb7 5. b3 d5 6. Bb2 Nbd7 7. Nbd2 Be7 8. O-O O-O 9. Ne5 Nxe5 10. dxe5 Ne4 11. f3 Nxd2 12. Qxd2 c5 13. Rad1 Qc7 14. c4 Rad8 15. Qc2 g6 16. cxd5 Rxd5 17. Be4 Rxd1 18. Rxd1 Bxe4 19. Qxe4 Rd8 20. Rxd8+ Qxd8 21. Qc2 b5 22. Bc3 h5 23. Qd2 Qc7 24. Qd3 c4 25. bxc4 bxc4 26. Qe4 Kg7 27. h3 Qc5 28. g4 h4 29. f4 Qb6 30. f5 gxf5 31. gxf5 exf5 32. e6+ f6 33. Qg2+ Kh7 34. Qf2 Qxe6 35. Qxh4+ Kg7 36. Qg5+ Kf8 37. Qh6+ Ke8 38. Qf4 Bd6 39. Qd4 Be5 40. Qd2 Qg8+ 41. Kf1 Qg3 42. Bxe5 Qxh3+ 43. Ke1 fxe5 44. Qc3 Qg3+ 45. Ke2 Qg4+ 46. Ke1 Qe4 47. Qa3 Qb1+ 48. Ke2 Qc2+ 49. Kf1 Qd3+ 0-1

[Event "*** SCC Grand Prix: Titled Tuesday Blitz"]
[Site "Chess.com"]
[Date "2020.06.02"]
[Round "1"]
[White "anastasiyakarlovych"]
[Black "r31415"]
[Result "1-0"]
[WhiteElo "1850"]
[BlackElo "2445"]
[TimeControl "180+1"]
[EndTime "10:07:26 PDT"]
[Termination "anastasiyakarlovych won by checkmate"]

1. e4 d6 2. d4 Nf6 3. Nc3 g6 4. g3 Bg7 5. Bg2 O-O 6. Nge2 e5 7.
Be3 c6 8. h3 Qc7 9. O-O Be6 10.
f4 Bc4 11. b3 Ba6 12. f5 b5 13. a3 Nbd7 14. g4 d5 15. g5 Nxe4 16. Nxe4 dxe4 17.
f6 Bh8 18. Bxe4 Rfe8 19. Bg2 Rad8 20. Qd2 c5 21. d5 Nb6 22. Rad1 e4 23. Nf4 Rd6 24.
Qc3 Rc8 25. Qe5 Qd7 26. Rfe1 Re8 27. Qc3 Bb7 28. Bxc5 Rc8 29. Qb4 Nxd5 30. Nxd5 Rxd5 31.
Rxd5 Bxd5 32. Rd1 Qf5 33. Be7 Qxg5 34. Qd6 Bb7 35. Qd8+ Rxd8 36. Rxd8# 1-0

[Event "*** SCC Grand Prix: Titled Tuesday Blitz"]
[Site "Chess.com"]
[Date "2020.06.02"]
[Round "1"]
[White "elegant285"]
[Black "CarlosAlbornoz"]
[Result "0-1"]
[WhiteElo "2369"]
[BlackElo "2724"]
[TimeControl "180+1"]
[EndTime "10:07:27 PDT"]
[Termination "CarlosAlbornoz won by resignation"]

1. d4 Nf6 2. c4 g6 3. Nc3 d6 4. e4 Bg7 5. Be2 O-O 6. Bg5 h6 7. Be3 c5 8. d5 e6 9. Qd2 exd5 10. exd5 Kh7 11. h4 Re8 12. h5 g5 13. Nf3 Ng4 14.
Nxg5+ hxg5 15. Bxg5 Bf6 16. Bxf6 Qxf6 17. O-O-O Qh6 18.
Bxg4 Bxg4 19. Rde1 Na6 20. f3 Bd7 21. Ne4 Nb4 22.
Ng5+ Kg8 23. g4 f6 24. Ne4 Nd3+ 25. Kd1 Qxd2+ 26. Kxd2 Nxe1 27. Nxf6+ Kf7 28. Nxe8 Nxf3+ 29. Ke3 Rxe8+ 30. Kxf3 Rg8 31. Rg1 b5 32. b3 bxc4 33. bxc4 Kf6 34. Kf4 Rf8 35. g5+ Kg7+ 36. Kg3 Rf5 37. Kh2 Rf4 38. Kg3 Rg4+ 39. Kf2 Rxg1 40. Kxg1 Bf5 41. Kf2 Bd3 0-1

[Event "*** SCC Grand Prix: Titled Tuesday Blitz"]
[Site "Chess.com"]
[Date "2020.06.02"]
[Round "1"]
[White "albano87"]
[Black "Shockerlover"]
[Result "1-0"]
[WhiteElo "2460"]
[BlackElo "1703"]
[TimeControl "180+1"]
[EndTime "10:07:27 PDT"]
[Termination "albano87 won on time"]

1. Nf3 Nf6 2. g3 g6 3. Bg2 Bg7 4. O-O O-O 5. d4 d6 6. a4 c6 7. Re1 Nbd7 8. e4 e5 9. Nc3 exd4 10. Nxd4 a5 11. h3 Nc5 12. Be3 Re8 13. f3 Nh5 14. g4 Ng3 15. Kh2 Qh4 16. Qd2 Be5 17. Kg1 Ngxe4 18. Nxe4 Nxe4 19. fxe4 Qg3 20. Qf2 Qh2+ 21. Kf1 Bg3 22. Qf3 Bxe1 23. Bf4 Bg3 24. Bxg3 Qxg2+ 25. Kxg2 Be6 26. Nxe6 Rxe6 27. Rf1 f6 28. Bh4 Rae8 29. Bxf6 Rxe4 30. Bc3 Re2+ 31. Rf2 Rxf2+ 32. Qxf2 d5 33. Qf6 1-0

[Event "*** SCC Grand Prix: Titled Tuesday Blitz"]
[Site "Chess.com"]
[Date "2020.06.02"]
[Round "1"]
[White "froylanajedrez"]
[Black "Gloomy_Wanderer"]
[Result "0-1"]
[WhiteElo "2384"]
[BlackElo "2761"]
[TimeControl "180+1"]
[EndTime "10:07:28 PDT"]
[Termination "Gloomy_Wanderer won on time"]

1. Nf3 Nf6 2. g3 e6 3. Bg2 d5 4. O-O Be7 5. d4 O-O 6. b3 a5 7. c4 a4 8. Nc3 axb3 9. Qxb3 Nc6 10. cxd5 exd5 11. Bf4 Na5 12. Qc2 c6 13. Ne5 g6 14. Bh6 Re8 15. Rfd1 Bf5 16. e4 dxe4 17. Nxe4 Nxe4 18. Bxe4 Bxe4 19. Qxe4 Bf6 20. Qf4 Re6 21. Rab1 Qd5 22. Ng4 Bg7 23. Bxg7 Kxg7 24. Ne5 f6 25. Ng4 Rae8 26. Qc7+ R8e7 27. Qf4 Nc4 28. h4 Qe4 29. Qh6+ Kg8 30. Qc1 Nd6 31. Ne3 Qf3 32. d5 Rxe3 33. dxc6 Re2 34. Rf1 bxc6 35. Qc5 Qd5 36. Rb8+ Kg7 37.
Qc3 Ne4 38. Qb4 Nd2 39. Rd1 Nf3+ 40. Kg2 Qxd1 0-1

[Event "*** SCC Grand Prix: Titled Tuesday Blitz"]
[Site "Chess.com"]
[Date "2020.06.02"]
[Round "1"]
[White "kingofthenil"]
[Black "WiktoriaPOL"]
[Result "1-0"]
[WhiteElo "2474"]
[BlackElo "2007"]
[TimeControl "180+1"]
[EndTime "10:07:29 PDT"]
[Termination "kingofthenil won by resignation"]

1. e4 c5 2. d3 e6 3. g3 d5 4. Bg2 Nf6 5. Nc3 Nc6 6. exd5 exd5 7. Bg5 d4 8. Ne4 Be7 9. Bxf6 Bxf6 10. Ne2 Qa5+ 11.
Nd2 O-O 12. O-O Bg4 13. h3 Bh5 14. f4 Bxe2 15. Qxe2 Rfe8 16. Qd1 Qc7 17. Ne4 Be7 18. a4 f5 19. Nd2 Bf6 20. Nc4 Rad8 21. Kh2 Nb4 22.
Qd2 b6 23. Rae1 Qd7 24. b3 Nd5 25. Qf2 Ne3 26. Nxe3 dxe3 27. Rxe3 Bd4 28. Rxe8+ Rxe8 29. Qd2 Re3 30. Re1 Qe7 31. Rxe3 Bxe3 32. Qe2 h5 33. Qxh5 Kf8 34. Qh8+ Kf7 35. Bd5+ Kf6 36. Qh4+ Kg6 37. Qxe7 1-0

[Event "*** SCC Grand Prix: Titled Tuesday Blitz"]
[Site "Chess.com"]
[Date "2020.06.02"]
[Round "1"]
[White "angryhorse9"]
[Black "Sibelephant"]
[Result "0-1"]
[WhiteElo "2458"]
[BlackElo "3162"]
[TimeControl "180+1"]
[EndTime "10:07:30 PDT"]
[Termination "Sibelephant won by resignation"]

1. c4 e5 2. Nc3 Nf6 3. Nf3 Nc6 4.
e4 d6 5. h3 g6 6. d4 exd4 7. Nxd4 Bg7 8. Be3 O-O 9. Nxc6 bxc6 10. Bd3 d5 11. cxd5 cxd5 12. exd5 Nxd5 13. Nxd5 Qxd5 14.
O-O Bb7 15. f3 Rfe8 16. Bf2 Rad8 17. Be4 Qe6 18. Qc2 Bxe4 19. fxe4 a6 20. Qxc7 Bxb2 21. Rab1 Rd2 22. Kh1 Be5 23. Qc1 Qxa2 24. Qc5 Rc2 25. Qb6 Qc4 26. Qa7 Qc6 27. Bg1 Rf8 28. Qe3 a5 29.
Qf3 Rc3 30. Be3 a4 31. Qf2 Qxe4 32. Bh6 Rxh3+ 33. Kg1 Bh2+ 34. Kh1 Bg3+ 0-1

[Event "*** SCC Grand Prix: Titled Tuesday Blitz"]
[Site "Chess.com"]
[Date "2020.06.02"]
[Round "1"]
[White "Niclox"]
[Black "queen_iryna"]
[Result "1-0"]
[WhiteElo "2627"]
[BlackElo "2288"]
[TimeControl "180+1"]
[EndTime "10:07:30 PDT"]
[Termination "Niclox won on time"]

1. e4 d6 2. d4 Nf6 3. Nc3 e5 4.
Nf3 Nbd7 5. Bc4 Be7 6. a4 O-O 7.
O-O c6 8. dxe5 dxe5 9. Qe2 h6 10. a5 Bb4 11. a6 b5 12. Bd3 Qc7 13. Nd1 Nc5 14.
c3 Nxd3 15. Qxd3 Be7 16. Ne3 Be6 17. Nf5 Bxf5 18. exf5 e4 19. Qe3 exf3 20. Qxf3 Bd6 21. h3 Rfe8 22. Rd1 Rad8 23. Be3 Nd5 24. Bd4 Be5 25.
Bc5 Nb6 26. g3 Nc4 27. b4 Nb6 28. Rxd8 Rxd8 29. Re1 Bf6 30. Rc1 Nd5 31. c4 bxc4 32.
Rxc4 Qc8 33. Qa3 Nc7 34. Qa5 Nxa6 35. Bxa7 Nb8 36. b5 c5 37. Rxc5 Qd7 38. b6 Qd1+ 39. Kg2 1-0

[Event "*** SCC Grand Prix: Titled Tuesday Blitz"]
[Site "Chess.com"]
[Date "2020.06.02"]
[Round "1"]
[White "x-3738459472"]
[Black "tan275"]
[Result "1-0"]
[WhiteElo "2531"]
[BlackElo "2170"]
[TimeControl "180+1"]
[EndTime "10:07:30 PDT"]
[Termination "x-3738459472 won by resignation"]

1. e4 c6 2. Nc3 d6 3. Nf3 g6 4.
d4 Bg7 5. Bc4 e6 6. d5 cxd5 7.
exd5 e5 8. h4 h5 9. Bg5 Ne7 10.
Ne4 f5 11. Nf6+ Bxf6 12. Bxf6 Rf8 13. Bg5 f4 14. Qd2 Bf5 15. Nxe5 dxe5 16. d6 Nbc6 17. O-O-O a6 18. Rhe1 b5 19. dxe7 Qxd2+ 20. Rxd2 Nxe7 21. Rxe5 Ra7 22. Rde2 bxc4 23. Rxe7+ Rxe7 24. Rxe7+ Kd8 25. Re4+ Kd7 26. Rxc4 f3 27. gxf3 Rc8 28. Rd4+ Ke6 29. c3 Rc6 30. Bf4 Kf6 31. Kd2 Be6 32. b3 Kf5 33. c4 Kf6 34. Ke3 Kf5 35. Bd6 Kf6 36. c5 Bf5 37. Kf4 Ke6 38. a3 Kf7 39. b4 Bc2 40. Ke5 Rc8 41. Rf4+ Kg7 42. Kd4 Ba4 43. Be5+ Kh7 44. Rf6 Bb5 45. Rf7+ Kh6 46. Bf4+ g5 47. Bxg5+ Kg6 48. Rf6+ 1-0